TOP OF THE 1ST |
Chicago (APP) Cubs batting - Pitching for San Diego (APP) Padres : RHP Mason Broderick
|
Pitching: RHP Mason Broderick
|
|
Batting: RHB Randy Schmitt
|
0-0: Called Strike 0-1: Ball 1-1: Ground out 5-3 (Groundball, 5L, EV 100.6 MPH)
|
Batting: RHB Jose Sanchez
|
0-0: Ball 1-0: Foul Ball, location: 2F 1-1: Ball 2-1: SINGLE (Groundball, 34D, EV 95.0 MPH)
|
Batting: RHB Eddy Marcos
|
Pickoff Throw to First - Out! 1-3 0-0: Ball 1-0: Ball 2-0: Called Strike 2-1: Swinging Strike 2-2: Strikes out swinging, 2-3 out at first.
|
Top of the 1st over - 0 runs, 1 hit, 0 errors, 0 left on base; Chicago (APP) 0 - San Diego (APP) 0 |
BOTTOM OF THE 1ST |
San Diego (APP) Padres batting - Pitching for Chicago (APP) Cubs : RHP Josh MacQueen
|
Pitching: RHP Josh MacQueen
|
|
Batting: RHB Dave McBain
|
0-0: TRIPLE (Flyball, 9LD, EV 92.5 MPH)
|
Batting: RHB Aaron Joseph
|
0-0: Ball 1-0: Foul Ball, location: 2F 1-1: Swinging Strike 1-2: Strikes out swinging
|
Batting: LHB Hugo MacBeth
|
0-0: Ball 1-0: Ground out 5-3 (Groundball, 56S, EV 83.1 MPH) Dave McBain scores
|
Batting: RHB Antonio Lara
|
0-0: Ball 1-0: Ball 2-0: Called Strike 2-1: Called Strike 2-2: Strikes out swinging
|
Bottom of the 1st over - 1 run, 1 hit, 0 errors, 0 left on base; Chicago (APP) 0 - San Diego (APP) 1 |
TOP OF THE 2ND |
Chicago (APP) Cubs batting - Pitching for San Diego (APP) Padres : RHP Mason Broderick
|
Batting: RHB Jake Newman
|
0-0: Ball 1-0: Called Strike 1-1: Foul Ball, location: 2F 1-2: Ball 2-2: Strikes out swinging
|
Batting: RHB Carlos Zavala
|
0-0: Called Strike 0-1: Ball 1-1: Ball 2-1: Fly out, F9 (Flyball, 9LM, EV 93.1 MPH)
|
Batting: RHB Dustin Buckner
|
0-0: Ball 1-0: Foul Ball, location: 2F 1-1: Swinging Strike 1-2: Strikes out swinging
|
Top of the 2nd over - 0 runs, 0 hits, 0 errors, 0 left on base; Chicago (APP) 0 - San Diego (APP) 1 |
BOTTOM OF THE 2ND |
San Diego (APP) Padres batting - Pitching for Chicago (APP) Cubs : RHP Josh MacQueen
|
Batting: LHB Tony Contreras
|
0-0: SINGLE (Groundball, 4MS, EV 68.8 MPH) (infield hit)
|
Batting: RHB Hector Fernandez
|
0-0: Called Strike Tony Contreras steals 2nd base 0-1: Called Strike 0-2: Ball 1-2: Strikes out swinging
|
Batting: RHB Max Stillo
|
0-0: Hit by Pitch
|
Batting: RHB Devon Dill
|
0-0: Called Strike 0-1: Ball 1-1: Ball 2-1: Ball 3-1: Base on Balls Tony Contreras to third Max Stillo to second
|
Batting: RHB Victor Contreras
|
0-0: Foul Ball, location: 2F 0-1: Foul Ball, location: 2F 0-2: Ball Passed Ball! Tony Contreras scores Max Stillo to third Devon Dill to second 1-2: Strikes out swinging
|
Batting: RHB Dave McBain
|
0-0: Called Strike 0-1: Ball 1-1: Ball 2-1: SINGLE (Groundball, 6MD, EV 103.8 MPH) Max Stillo scores Devon Dill to third Throwing error, E8 Devon Dill scores Dave McBain to second
|
Batting: RHB Aaron Joseph
|
0-0: Ball 1-0: DOUBLE (Groundball, 5L, EV 101.2 MPH) Dave McBain scores
|
Batting: LHB Hugo MacBeth
|
0-0: Called Strike 0-1: Ball Wild Pitch! Aaron Joseph to third 1-1: Ball 2-1: Called Strike 2-2: Foul Ball, location: 2F 2-2: SINGLE (Groundball, 34D, EV 110.6 MPH) Aaron Joseph scores
|
Pitching: LHP Eddie Panagos
|
|
Batting: RHB Antonio Lara
|
0-0: Ball 1-0: Called Strike 1-1: Ball Passed Ball! Hugo MacBeth to second 2-1: Ball 3-1: Called Strike 3-2: Foul Ball, location: 2F 3-2: Base on Balls
|
Batting: LHB Tony Contreras
|
0-0: Ball 1-0: Fly out, F8 (Flyball, 8LXD, EV 97.5 MPH)
|
Bottom of the 2nd over - 5 runs, 4 hits, 1 error, 2 left on base; Chicago (APP) 0 - San Diego (APP) 6 |
TOP OF THE 3RD |
Chicago (APP) Cubs batting - Pitching for San Diego (APP) Padres : RHP Mason Broderick
|
Batting: RHB Dwight Bean
|
0-0: Ball 1-0: Ball 2-0: Ground out 5-3 (Groundball, 5, EV 90.6 MPH)
|
Batting: SHB Anastagio Fasola
|
0-0: Ball 1-0: Ball 2-0: Called Strike 2-1: Swinging Strike 2-2: Strikes out swinging
|
Batting: LHB Ryan Masterson
|
0-0: Ball 1-0: Ball 2-0: Swinging Strike 2-1: Called Strike 2-2: Strikes out looking
|
Top of the 3rd over - 0 runs, 0 hits, 0 errors, 0 left on base; Chicago (APP) 0 - San Diego (APP) 6 |
BOTTOM OF THE 3RD |
San Diego (APP) Padres batting - Pitching for Chicago (APP) Cubs : LHP Eddie Panagos
|
Batting: RHB Hector Fernandez
|
0-0: SINGLE (Groundball, 34D, EV 103.8 MPH)
|
Batting: RHB Max Stillo
|
0-0: Called Strike 0-1: Ball 1-1: 2-RUN HOME RUN (Flyball, 78XD, EV 111.2 MPH), Distance : 428 ft
|
Batting: RHB Devon Dill
|
0-0: Ball 1-0: Ball 2-0: Ball 3-0: Called Strike 3-1: Swinging Strike 3-2: Foul Ball, location: 2F 3-2: Base on Balls
|
Pitching: RHP Rob Craft
|
|
Batting: RHB Victor Contreras
|
0-0: Fly out, F4 (Flyball, 34D, EV 90.0 MPH)
|
Batting: RHB Dave McBain
|
0-0: Swinging Strike 0-1: DOUBLE (Line Drive, 7D, EV 105.6 MPH) Devon Dill to third
|
Batting: RHB Aaron Joseph
|
0-0: Called Strike 0-1: Ball 1-1: Ball 2-1: Ball 3-1: SINGLE (Groundball, 4MD, EV 107.5 MPH) Devon Dill scores Dave McBain to third Runner from 3rd tries for Home, SAFE, throw by CF to home
|
Batting: LHB Hugo MacBeth
|
0-0: Called Strike 0-1: Ball 1-1: Ball 2-1: Ball 3-1: Base on Balls Aaron Joseph to second
|
Batting: RHB Antonio Lara
|
0-0: Called Strike 0-1: Called Strike 0-2: 3-RUN HOME RUN (Flyball, 7D, EV 101.2 MPH), Distance : 384 ft
|
Batting: LHB Tony Contreras
|
0-0: Ball 1-0: Ground out 4-3 (Groundball, 4, EV 80.0 MPH)
|
Batting: RHB Hector Fernandez
|
0-0: Ball 1-0: Foul Ball, location: 2F 1-1: Swinging Strike 1-2: Foul Ball, location: 2F 1-2: Foul Ball, location: 2F 1-2: Ball 2-2: Ball 3-2: Base on Balls
|
Batting: RHB Max Stillo
|
0-0: Foul Ball, location: 2F 0-1: Ball 1-1: Ball 2-1: Ball 3-1: Called Strike 3-2: Base on Balls Hector Fernandez to second
|
Batting: RHB Devon Dill
|
0-0: Foul Ball, location: 2F 0-1: Ball 1-1: SINGLE (Groundball, 6MD, EV 96.2 MPH) Hector Fernandez to third Max Stillo to second
|
Batting: RHB Victor Contreras
|
0-0: Ball 1-0: Ball 2-0: Called Strike 2-1: Ball 3-1: Base on Balls Hector Fernandez scores Max Stillo to third Devon Dill to second
|
Batting: RHB Dave McBain
|
0-0: Called Strike 0-1: Called Strike 0-2: Ball 1-2: Fielders Choice at 2nd, 6-4 (Groundball, 6, EV 103.1 MPH)
|
Bottom of the 3rd over - 8 runs, 6 hits, 0 errors, 3 left on base; Chicago (APP) 0 - San Diego (APP) 14 |
TOP OF THE 4TH |
Chicago (APP) Cubs batting - Pitching for San Diego (APP) Padres : RHP Mason Broderick
|
Batting: RHB Randy Schmitt
|
0-0: Ball 1-0: Swinging Strike 1-1: Foul Ball, location: 2F 1-2: Ball 2-2: Ball 3-2: Base on Balls
|
Batting: RHB Jose Sanchez
|
0-0: Ball 1-0: Fly out, F9 (Flyball, 89S, EV 82.5 MPH)
|
Batting: RHB Eddy Marcos
|
0-0: Ball 1-0: Fielders Choice at 2nd, 6-4 (Groundball, 56, EV 87.5 MPH)
|
Batting: RHB Jake Newman
|
0-0: Ball 1-0: Fly out, F3 (Line Drive, 3, EV 63.8 MPH)
|
Top of the 4th over - 0 runs, 0 hits, 0 errors, 1 left on base; Chicago (APP) 0 - San Diego (APP) 14 |
BOTTOM OF THE 4TH |
San Diego (APP) Padres batting - Pitching for Chicago (APP) Cubs : RHP Rob Craft
|
Batting: RHB Aaron Joseph
|
0-0: Fly out, F3 (Popup, 3S, EV 83.1 MPH)
|
Batting: LHB Hugo MacBeth
|
0-0: Ball 1-0: Ball 2-0: Ball 3-0: Base on Balls
|
Batting: RHB Antonio Lara
|
0-0: Ball 1-0: Foul Ball, location: 2F 1-1: Ball 2-1: Called Strike 2-2: Ball 3-2: Base on Balls Hugo MacBeth to second
|
Batting: LHB Tony Contreras
|
0-0: Called Strike 0-1: Ball 1-1: Ball 2-1: Fielders Choice at 2nd, 3-6 (Groundball, 34, EV 88.1 MPH) Hugo MacBeth to third
|
Batting: RHB Hector Fernandez
|
0-0: Ball 1-0: SINGLE (Groundball, 5D, EV 101.2 MPH) Hugo MacBeth scores Tony Contreras to second
|
Batting: RHB Max Stillo
|
0-0: Ball 1-0: Foul Ball, location: 2F 1-1: Swinging Strike 1-2: Foul Ball, location: 2F 1-2: Ball 2-2: Ball 3-2: Base on Balls Tony Contreras to third Hector Fernandez to second
|
Batting: RHB Devon Dill
|
0-0: DOUBLE (Groundball, 5L, EV 103.1 MPH) Tony Contreras scores Hector Fernandez scores Max Stillo to third Runner from 3rd tries for Home, SAFE, throw by LF to home
|
Batting: RHB Victor Contreras
|
0-0: Ball 1-0: Ball 2-0: Foul Ball, location: 2F 2-1: Fly out, F7 (Flyball, 7, EV 78.8 MPH)
|
Bottom of the 4th over - 4 runs, 2 hits, 0 errors, 1 left on base; Chicago (APP) 0 - San Diego (APP) 18 |
TOP OF THE 5TH |
Chicago (APP) Cubs batting - Pitching for San Diego (APP) Padres : RHP Mason Broderick
|
Batting: RHB Carlos Zavala
|
0-0: Ball 1-0: SINGLE (Groundball, 6MD, EV 95.6 MPH)
|
Batting: RHB Dustin Buckner
|
0-0: Swinging Strike 0-1: Ball 1-1: Foul Ball, location: 2F 1-2: SINGLE (Line Drive, 89S, EV 94.4 MPH) Carlos Zavala to second
|
Batting: RHB Dwight Bean
|
0-0: Called Strike 0-1: Ball 1-1: Called Strike 1-2: Strikes out swinging
|
Batting: SHB Anastagio Fasola
|
0-0: Fly out, F8 (Line Drive, 8LD, EV 94.4 MPH)
|
Batting: LHB Ryan Masterson
|
0-0: Ball 1-0: Fielders Choice at 2nd, U6 (Groundball, 6M, EV 107.5 MPH)
|
Top of the 5th over - 0 runs, 2 hits, 0 errors, 2 left on base; Chicago (APP) 0 - San Diego (APP) 18 |
BOTTOM OF THE 5TH |
San Diego (APP) Padres batting - Pitching for Chicago (APP) Cubs : RHP Rob Craft
|
Batting: RHB Dave McBain
|
0-0: SINGLE (Groundball, 4D, EV 98.8 MPH)
|
Batting: RHB Aaron Joseph
|
0-0: Ball 1-0: Called Strike 1-1: Ball Wild Pitch! Dave McBain to second 2-1: Ball 3-1: Base on Balls
|
Batting: LHB Hugo MacBeth
|
0-0: Foul Ball, location: 2F 0-1: DOUBLE (Line Drive, 7D, EV 95.0 MPH) Dave McBain scores Aaron Joseph to third
|
Batting: RHB Antonio Lara
|
0-0: Ball 1-0: Ball 2-0: Ground out 5-3 (Groundball, 56S, EV 81.9 MPH) Aaron Joseph scores
|
Batting: LHB Tony Contreras
|
0-0: Ball 1-0: Ball 2-0: Ball 3-0: Called Strike 3-1: Foul Ball, location: 2F 3-2: Base on Balls
|
Batting: RHB Hector Fernandez
|
0-0: Ball 1-0: DOUBLE (Flyball, 78XD, EV 82.5 MPH) Hugo MacBeth scores Tony Contreras to third
|
Batting: RHB Max Stillo
|
0-0: Swinging Strike 0-1: Ball 1-1: Called Strike 1-2: Foul Ball, location: 2F 1-2: SINGLE (Groundball, 4MD, EV 109.4 MPH) Tony Contreras scores Hector Fernandez to third
|
Batting: RHB Devon Dill
|
0-0: Foul Ball, location: 2F 0-1: Called Strike 0-2: Ball 1-2: Ball 2-2: Strikes out looking
|
Batting: RHB Victor Contreras
|
0-0: Fly out, F4 (Popup, 4S, EV 80.0 MPH)
|
Bottom of the 5th over - 4 runs, 4 hits, 0 errors, 2 left on base; Chicago (APP) 0 - San Diego (APP) 22 |
TOP OF THE 6TH |
Chicago (APP) Cubs batting - Pitching for San Diego (APP) Padres : RHP Mason Broderick
|
Batting: RHB Randy Schmitt
|
0-0: Called Strike 0-1: Called Strike 0-2: Foul Ball, location: 2F 0-2: Strikes out swinging, 2-3 out at first.
|
Batting: RHB Jose Sanchez
|
0-0: Foul Ball, location: 2F 0-1: Swinging Strike 0-2: Strikes out swinging
|
Batting: RHB Eddy Marcos
|
0-0: Foul Ball, location: 2F 0-1: Ball 1-1: Ball 2-1: Ball 3-1: Base on Balls
|
Batting: RHB Jake Newman
|
0-0: Ball Wild Pitch! Eddy Marcos to second 1-0: Called Strike 1-1: Foul Ball, location: 2F 1-2: Strikes out swinging
|
Top of the 6th over - 0 runs, 0 hits, 0 errors, 1 left on base; Chicago (APP) 0 - San Diego (APP) 22 |
BOTTOM OF THE 6TH |
San Diego (APP) Padres batting - Pitching for Chicago (APP) Cubs : RHP Rob Craft
|
Batting: RHB Dave McBain
|
0-0: DOUBLE (Line Drive, 5D, EV 96.2 MPH)
|
Batting: RHB Aaron Joseph
|
0-0: Ball 1-0: SINGLE (Groundball, P, EV 81.2 MPH) (infield hit) Dave McBain to third
|
Batting: LHB Hugo MacBeth
|
0-0: Ball 1-0: Ball 2-0: Called Strike 2-1: Swinging Strike 2-2: Foul Ball, location: 2F 2-2: Strikes out swinging
|
Batting: RHB Antonio Lara
|
0-0: Ball 1-0: Called Strike 1-1: Called Strike 1-2: Fly out, F3 (Popup, 34, EV 70.6 MPH)
|
Batting: LHB Tony Contreras
|
0-0: Called Strike 0-1: Ground out 6-3 (Groundball, 6S, EV 68.1 MPH)
|
Bottom of the 6th over - 0 runs, 2 hits, 0 errors, 2 left on base; Chicago (APP) 0 - San Diego (APP) 22 |
TOP OF THE 7TH |
Chicago (APP) Cubs batting - Pitching for San Diego (APP) Padres : RHP Mason Broderick
|
Batting: RHB Carlos Zavala
|
0-0: Ball 1-0: Ball 2-0: Ground out 6-3 (Groundball, 6M, EV 83.8 MPH)
|
Batting: RHB Dustin Buckner
|
0-0: Ball 1-0: Swinging Strike 1-1: Ball 2-1: Fly out, F5 (Popup, 56, EV 64.4 MPH)
|
Batting: RHB Dwight Bean
|
0-0: Ball 1-0: Called Strike 1-1: Ball 2-1: Foul Ball, location: 2F 2-2: Ball 3-2: Strikes out swinging
|
Top of the 7th over - 0 runs, 0 hits, 0 errors, 0 left on base; Chicago (APP) 0 - San Diego (APP) 22 |
BOTTOM OF THE 7TH |
San Diego (APP) Padres batting - Pitching for Chicago (APP) Cubs : RHP Rob Craft
|
Batting: RHB Hector Fernandez
|
0-0: SINGLE (Line Drive, 4MD, EV 102.5 MPH)
|
Batting: RHB Max Stillo
|
0-0: Ball Passed Ball! Hector Fernandez to second 1-0: Called Strike 1-1: Fly out, F8 (Line Drive, 8LM, EV 84.4 MPH)
|
Batting: RHB Devon Dill
|
0-0: Called Strike 0-1: Foul Ball, location: 2F 0-2: SINGLE (Groundball, 56D, EV 95.6 MPH) Hector Fernandez to third Runner from 3rd tries for Home, SAFE, throw by LF to home Devon Dill to second
|
Batting: RHB Victor Contreras
|
0-0: Fly out, F9 (Flyball, 9, EV 83.8 MPH)
|
Batting: RHB Dave McBain
|
0-0: Ball 1-0: Foul Ball, location: 2F 1-1: Ball 2-1: Ball 3-1: Base on Balls
|
Batting: RHB Aaron Joseph
|
0-0: Ball 1-0: Called Strike 1-1: Hit by Pitch Devon Dill to third Dave McBain to second
|
Batting: LHB Hugo MacBeth
|
0-0: Ground out 4-3 (Groundball, 34D, EV 106.9 MPH)
|
Bottom of the 7th over - 1 run, 2 hits, 0 errors, 3 left on base; Chicago (APP) 0 - San Diego (APP) 23 |
TOP OF THE 8TH |
Chicago (APP) Cubs batting - Pitching for San Diego (APP) Padres : RHP Mason Broderick
|
Batting: SHB Anastagio Fasola
|
0-0: Foul Ball, location: 2F 0-1: Called Strike 0-2: Strikes out looking
|
Batting: LHB Ryan Masterson
|
0-0: Called Strike 0-1: Ball 1-1: Ball 2-1: Swinging Strike 2-2: Strikes out swinging
|
Batting: RHB Randy Schmitt
|
0-0: Ball 1-0: Called Strike 1-1: Ball 2-1: Swinging Strike 2-2: Foul Ball, location: 2F 2-2: Strikes out swinging
|
Top of the 8th over - 0 runs, 0 hits, 0 errors, 0 left on base; Chicago (APP) 0 - San Diego (APP) 23 |
BOTTOM OF THE 8TH |
San Diego (APP) Padres batting - Pitching for Chicago (APP) Cubs : RHP Rob Craft
|
Batting: RHB Antonio Lara
|
0-0: Called Strike 0-1: Ball 1-1: DOUBLE (Line Drive, 9LS, EV 95.0 MPH)
|
Batting: LHB Tony Contreras
|
0-0: Ball 1-0: Ball 2-0: Called Strike 2-1: Ball 3-1: Base on Balls
|
Batting: RHB Hector Fernandez
|
0-0: Called Strike 0-1: Foul Ball, location: 2F 0-2: Ball Wild Pitch! Antonio Lara to third Tony Contreras to second 1-2: Ball 2-2: Ball 3-2: Base on Balls
|
Batting: RHB Max Stillo
|
0-0: Ball 1-0: Ball 2-0: Called Strike 2-1: Ball Wild Pitch! Antonio Lara scores Tony Contreras to third Hector Fernandez to second 3-1: Base on Balls
|
Batting: RHB Devon Dill
|
0-0: Ball 1-0: Called Strike 1-1: Foul Ball, location: 2F 1-2: Ball 2-2: Ball 3-2: Base on Balls Tony Contreras scores Hector Fernandez to third Max Stillo to second
|
Batting: RHB Victor Contreras
|
0-0: Ball 1-0: Hit by Pitch Hector Fernandez scores Max Stillo to third Devon Dill to second
|
Batting: RHB Dave McBain
|
0-0: Called Strike 0-1: Ball 1-1: Fielders Choice at 2nd, 5-4 (Groundball, 56, EV 100.0 MPH) Max Stillo scores Devon Dill to third
|
Batting: RHB Aaron Joseph
|
0-0: Called Strike 0-1: Fly out, F9 (Flyball, 89M, EV 78.1 MPH) Runner from 3rd tags up, SCORES, no throw by RF
|
Batting: LHB Hugo MacBeth
|
0-0: DOUBLE (Line Drive, 7LM, EV 91.9 MPH) Dave McBain to third Runner from 3rd tries for Home, SAFE, no throw by LF
|
Batting: RHB Antonio Lara
|
0-0: 2-RUN HOME RUN (Flyball, 9LD, EV 98.8 MPH), Distance : 349 ft
|
Batting: LHB Tony Contreras
|
0-0: Fly out, F9 (Line Drive, 9D, EV 91.9 MPH)
|
Bottom of the 8th over - 8 runs, 3 hits, 0 errors, 0 left on base; Chicago (APP) 0 - San Diego (APP) 31 |
TOP OF THE 9TH |
Chicago (APP) Cubs batting - Pitching for San Diego (APP) Padres : RHP Mason Broderick
|
Batting: RHB Jose Sanchez
|
0-0: Ball 1-0: Ball 2-0: Ball 3-0: Base on Balls
|
Pitching: RHP Eric Busby
|
|
Batting: RHB Eddy Marcos
|
0-0: Called Strike 0-1: Ball 1-1: Ball 2-1: Fielders Choice at 2nd, 6-4 (Groundball, 6, EV 106.9 MPH)
|
Batting: RHB Jake Newman
|
0-0: Swinging Strike 0-1: Grounds into double play, 4-6-3 (Groundball, 4, EV 101.2 MPH)
|
Top of the 9th over - 0 runs, 0 hits, 0 errors, 0 left on base; Chicago (APP) 0 - San Diego (APP) 31 |
|